 Dungeon Crawl Stone Soup version 0.31.0-11-ge490571c62 (webtiles) character file.

Game seed: 12707528948680346793

87 qw the Shooter (level 4, 0/25 HPs)
             Began as a Deep Elf Hunter on Feb 3, 2024.
             Incinerated by a bombardier beetle (4 damage)
             ... with a burning spray
             ... on level 3 of the Dungeon.
             The game lasted 00:00:04 (1343 turns).

qw the Shooter (Deep Elf Hunter)                    Turns: 1343, Time: 00:00:05

Health: 0/25       AC:  5    Str: 10    XL:     4   Next: 28%
Magic:  6/6        EV: 11    Int: 14    God:
Gold:   114        SH:  0    Dex: 18    Spells: 3/3 levels left

rFire   . . .        d - +2 shortbow (heavy)
rCold   . . .        (shield currently unavailable)
rNeg    . . .        f - +0 ring mail
rPois   +            (no helmet)
rElec   .            (no cloak)
rCorr   .            (no gloves)
SInv    .            (no boots)
Will    +....        (no amulet)
Stlth   +            j - ring of poison resistance
HPRegen 0.24/turn    c - ring of willpower
MPRegen 0.10/turn

%: no passive effects
@: on fire, glowing
A: no striking features
a: no special abilities


You were on level 3 of the Dungeon.
You visited 1 branch of the dungeon, and saw 3 of its levels.

You collected 144 gold pieces.
You spent 30 gold pieces at shops.


   Skills:
 - Level 1.5 Fighting
 + Level 7.7 Ranged Weapons
 - Level 2.4 Dodging
 - Level 1.2 Stealth


You had 3 spell levels left.
You didn't know any spells.
Your spell library was empty.

Inventory:

Hand Weapons
 d - a +2 heavy shortbow (weapon)
Armour
 f - a +0 ring mail (worn)
Jewellery
 c - a ring of willpower (right hand)
 j - a ring of poison resistance (left hand)
Potions
 b - a potion of haste
 g - a potion of curing
 i - a potion of lignification {unknown}

Dungeon Overview and Level Annotations

Branches:
Dungeon (3/15)

Altars:

Shops:
D:1 *   D:2 !


Message History

You shoot an arrow. The arrow hits the rat!
You kill the rat!
You feel yourself slow down.
Found an escape hatch in the floor.
You now have 98 gold pieces (gained 4).
You now have 114 gold pieces (gained 16).
Found a stone staircase leading down.
A bombardier beetle comes into view.
You shoot an arrow. The arrow hits the bombardier beetle!
The bombardier beetle is heavily wounded.
You shoot an arrow.
The arrow hits the bombardier beetle but does no damage.
The bombardier beetle is heavily wounded.
You shoot an arrow.
The arrow closely misses the bombardier beetle.
The bombardier beetle sprays incendiary fluid at you.
The burning spray misses you.
You shoot an arrow. The arrow hits the bombardier beetle.
The bombardier beetle is heavily wounded.
You shoot an arrow.
The arrow hits the bombardier beetle but does no damage.
The bombardier beetle is heavily wounded.
The bombardier beetle sprays incendiary fluid at you.
The burning spray hits you.
You are covered in liquid fire!
You shoot an arrow. The arrow hits the bombardier beetle.
The bombardier beetle is almost dead.
The liquid fire burns you!
You shoot an arrow. The arrow hits the bombardier beetle!!
You kill the bombardier beetle!
The liquid fire burns you!
You have reached level 4!
You feel clever.
You are on fire!
You hear the slow rusting of a drain very nearby.
The liquid fire burns you!
You are on fire!
The liquid fire burns you!
You are on fire!
The liquid fire burns you!
You die...

...#.............#
#.#.#.#.###.####..#
..#...#.#.........#
#.#.#.#.#.#.......#
...#..............
..#.#.#...##......#
.##.. #>...+......#
#.#....#......+
#..@.###......#
......#..# ......#
.###.##..# ###....
... ...# >.. ....#
... ....# ... ....#
######


There were no monsters in sight!

Vanquished Creatures
  A bombardier beetle (D:3)
  An adder (D:2)
  2 dart slugs (D:2)
  A ribbon worm (D:1)
  5 ball pythons
  A bat (D:2)
  4 endoplasms
  2 giant cockroaches (D:2)
  7 goblins
  2 hobgoblins
  A quokka (D:2)
  2 frilled lizards
  3 kobolds (D:2)
  4 rats
36 creatures vanquished.

Notes
Turn   | Place    | Note
-------+----------+-------------------------------------------
     0 | D:1      | qw the Deep Elf Hunter began the quest for the Orb.
     0 | D:1      | Reached XP level 1. HP: 12/12 MP: 3/3
     0 | D:1      | 0 ||| qw: Version: 0.3-a-158-g18b3111
     0 | D:1      | 0 ||| qw: Game counter: 4101
     0 | D:1      | 0 ||| qw: Melee chars always use a shield: true
     0 | D:1      | 0 ||| qw: God list: Okawaru
     0 | D:1      | 0 ||| qw: Allow faded altars: false
     0 | D:1      | 0 ||| qw: Do Orc after clearing Dungeon:15 true
     0 | D:1      | 0 ||| qw: Do second Lair branch before Depths: true
     0 | D:1      | 0 ||| qw: Lair rune preference: random
     0 | D:1      | 0 ||| qw: Goals: Normal
     0 | D:1      | 0 ||| PLANNING D:1-11
   127 | D:1      | Reached skill level 6 in Ranged Weapons
   127 | D:1      | Reached XP level 2. HP: 16/16 MP: 4/4
   477 | D:1      | Found Lulol's Assorted Antiques.
   485 | D:1      | 485 ||| BUYING fizzy clear potion (15 gold).
   485 | D:1      | Bought a fizzy clear potion for 15 gold pieces
   485 | D:1      | 485 ||| BUYING ruby potion (15 gold).
   485 | D:1      | Bought a ruby potion for 15 gold pieces
   485 | D:1      | 485 ||| SHOPLISTING scroll labelled ACHIRU SEVE (17 gold,
                  | have 15).
   485 | D:1      | 485 ||| SHOPLISTING scroll labelled AVVUZ PEPIMALE (17
                  | gold, have 15).
   485 | D:1      | 485 ||| SHOPLISTING scroll labelled HUERIN XADIURA (17
                  | gold, have 15).
   485 | D:1      | 485 ||| SHOPLISTING scroll labelled RACWAD XAASTASM (17
                  | gold, have 15).
   577 | D:1      | 577 ||| UPGRADING to +0 ring mail.
   587 | D:1      | 587 ||| DROPPING +0 leather armour.
   588 | D:1      | 588 ||| UPGRADING to ring of poison resistance.
   589 | D:1      | 589 ||| READING scroll labelled AVVUZ PEPIMALE.
   594 | D:1      | 594 ||| READING scroll labelled RACWAD XAASTASM.
   594 | D:1      | 594 ||| IDENTIFYING fizzy clear potion
   595 | D:1      | 595 ||| READING scroll labelled IBEPHA EGRICZUHE.
   596 | D:1      | 596 ||| DROPPING scroll of butterflies.
   597 | D:1      | 597 ||| DROPPING potion of brilliance.
   630 | D:2      | 630 ||| STAIRDANCE
   742 | D:2      | Found Agacwang's Distillery.
   760 | D:2      | 760 ||| SHOPLISTING potion of cancellation (80 gold, have
                  | 28).
   760 | D:2      | 760 ||| SHOPLISTING potion of curing (30 gold, have 28).
   760 | D:2      | 760 ||| SHOPLISTING potion of enlightenment (50 gold, have
                  | 28).
   760 | D:2      | 760 ||| SHOPLISTING potion of heal wounds (50 gold, have
                  | 28).
   814 | D:2      | Reached XP level 3. HP: 20/20 MP: 5/5
   914 | D:2      | Reached skill level 7 in Ranged Weapons
  1253 | D:2      | 1253 ||| UPGRADING to ring of willpower.
  1254 | D:2      | 1254 ||| READING scroll of identify.
  1254 | D:2      | 1254 ||| IDENTIFYING fuming amethyst potion
  1255 | D:2      | 1255 ||| READING scroll labelled HICOEL OR KUC.
  1255 | D:2      | Identified a scroll of acquirement
  1255 | D:2      | 1255 ||| ACQUIRING +2 heavy shortbow
  1255 | D:2      | Acquired a +2 heavy shortbow
  1257 | D:2      | 1257 ||| SWAPPING to +2 heavy shortbow.
  1258 | D:2      | 1258 ||| DROPPING +0 shortbow.
  1259 | D:2      | 1259 ||| DRINKING 2 clear potions.
  1297 | D:3      | 1297 ||| PLANNING SEWER
  1297 | D:3      | 1297 ||| STAIRDANCE
  1341 | D:3      | Reached XP level 4. HP: 8/25 MP: 6/6
  1341 | D:3      | HP: 5/25 [burnt (3)]
  1343 | D:3      | Incinerated by a bombardier beetle

Levels and vault maps discovered:
D:1:      dpeg_arrival_solitude, layout_basic, serial_shops, shop
D:2:      layout_loops_ring, serial_shops, nicolae_shop_getting_attention,
          kennysheep_generic_room_15
D:3:      layout_basic, portal_sewer_entry_a,
          amcnicky_mini_rare_corridor_liquid,
          nicolae_concentric_dashed_squares_wild, uniq_robin

Skill      XL: |  1  2  3 |
---------------+----------+-----
Ranged Weapons | 6 7 |  7.7
Fighting       | |  1.5
Dodging        | |  2.4
Stealth        | |  1.2

Action                     |  1- 3 |  4- 6 || total
---------------------------+-------+-------++-------
   Fire: Shortbow          |    91 |       ||    91
    Use: Scroll            |     5 |       ||     5
         Potion            |     1 |       ||     1
 Armour: Ring mail         |    11 |       ||    11
  Dodge: Dodged            |    18 |       ||    18

Table legend:
 A = Non-vault XP
 B = Vault XP
 C = Vault XP percentage of total XP
 D = Non-vault monster count
 E = Vault monster count
 F = Vault count percentage of total count
                 A         B        C        D         E       F
            +---------+---------+-------+---------+---------+-------
      Total |     109 |      16 |  12.8 |      34 |       2 |   5.6
            +---------+---------+-------+---------+---------+-------
        D:1 |      20 |       0 |   0.0 |      10 |       0 |   0.0
        D:2 |      40 |      16 |  28.6 |      22 |       2 |   8.3
        D:3 |      49 |       0 |   0.0 |       2 |       0 |   0.0
            +---------+---------+-------+---------+---------+-------
